Barracuda vs Admirals
Created - February 12, 2025 at 22:42
Goals
|
| Barracuda |
1 |
0 |
2 |
3 |
| Admirals |
4 |
0 |
1 |
5 |
|
Shots
|
| Barracuda |
9 |
11 |
16 |
36 |
| Admirals |
11 |
10 |
7 |
28 |
|
1st period
1. Admirals , Riley Barber 14 (Milos Kelemen 3, Olli Juolevi 30) at 7:08
2. Admirals , Mark McNeill 30 (Christian Djoos 6) at 8:58
3. Admirals , Mark McNeill 31 (Olli Juolevi 31, Hunter Shinkaruk 21) at 10:01 (PP)
4. Barracuda , Jaedon Descheneau 5 (Theodor Blueger 30, Brett Kulak 24) at 13:14
5. Admirals , Josh Norris 18 (Mathieu Joseph 34, Nolan Vesey 24) at 19:26 (PP)
Penalties :
Thomas Gobeil (S.J) for Interference (Minor) at 9:01, Brett Kulak (S.J) for Hooking (Minor) at 19:05
2nd period
No Goal
Penalties :
Mathieu Joseph (Mil) for Interference (Minor) at 12:45, Jaedon Descheneau (S.J) for Goalie Interference (Minor) at 13:53
3rd period
6. Barracuda , William Carrier 24 (Theodor Blueger 31, Brett Kulak 25) at 15:01
7. Admirals , Olli Juolevi 8 (Tobias Bjornfot 11) at 16:33
8. Barracuda , William Carrier 25 (Theodor Blueger 32) at 17:42
Penalties :
No Penalty
Goalie Stats
Kevin Mandolese (S.J), 7 saves from 11 shots - (0.636), L, 4-3-0, 19:26 minutes
Filip Larsson (S.J), 16 saves from 17 shots - (0.941), 40:34 minutes
Felix Sanstrom (Mil), 33 saves from 36 shots - (0.917), W, 21-8-3, 60:00 minutes
Players Stats for Barracuda
Player Name G A P +/- PIM S H SB GA TA FO MP PP MP PK MP
------------------------------------------------------------------------------------
Alex Henriksson 0 0 0 -1 0 3 0 0 0 0 0/0 11:14 0:00 0:44
Alex Lintuniemi 0 0 0 0 0 0 0 0 0 0 0/0 3:26 0:00 0:00
Alexei Toropchenko 0 0 0 -1 0 0 0 0 0 0 0/0 8:27 0:00 0:00
Brett Kulak 0 2 2 0 2 2 3 1 2 1 0/0 28:27 0:43 0:59
Cole Ully 0 0 0 0 0 1 3 1 0 0 0/0 11:42 0:00 0:00
Dennis Cholowski 0 0 0 0 0 0 0 0 0 0 0/0 12:21 0:00 0:00
Emil Pettersson 0 0 0 -1 0 2 3 0 0 1 19/35 22:16 0:36 1:16
Jacob Peterson 0 0 0 -1 0 0 1 0 0 0 1/1 10:30 0:00 0:31
Jaedon Descheneau 1 0 1 2 2 2 0 0 0 0 1/1 16:23 0:31 0:00
Jordan Gross 0 0 0 0 0 4 1 1 0 1 0/0 23:01 0:25 1:09
Kurtis Macdermid 0 0 0 -1 0 6 2 0 1 0 0/0 22:16 0:36 1:16
Kyle Platzer 0 0 0 0 0 1 0 0 0 0 5/8 11:31 0:00 0:00
Luke Martin 0 0 0 0 0 2 2 1 1 0 0/0 24:04 0:25 1:30
Mac Hollowell 0 0 0 0 0 2 1 2 0 0 0/0 25:48 0:43 1:20
Nikolai Kovalenko 0 0 0 0 0 0 0 0 0 0 0/1 11:13 0:00 0:00
Theodor Blueger 0 3 3 2 0 5 5 3 0 1 2/9 17:06 0:32 0:42
Thomas Gobeil 0 0 0 -1 2 1 1 0 0 1 1/2 20:17 0:36 0:00
William Carrier 2 0 2 2 0 5 2 0 0 1 1/2 16:35 0:32 0:29
Players Stats for Admirals
Player Name G A P +/- PIM S H SB GA TA FO MP PP MP PK MP
------------------------------------------------------------------------------------
Carl Dahlstrom 0 0 0 0 0 1 0 1 0 0 0/0 11:42 0:00 0:39
Christian Djoos 0 1 1 1 0 0 0 0 0 0 0/0 6:06 0:00 0:29
Henry Thrun 0 0 0 1 0 0 1 0 0 0 0/0 5:37 0:00 0:00
Hunter Shinkaruk 0 1 1 -1 0 2 2 0 0 0 0/0 16:04 0:58 0:36
Josh Norris 1 0 1 0 0 3 3 1 0 1 16/36 20:50 1:14 0:22
Josh Wesley 0 0 0 0 0 0 1 3 0 0 0/0 11:03 0:00 0:00
Kasper Bjorkqvist 0 0 0 -1 0 2 0 0 0 0 0/0 14:33 0:17 0:00
Lucas Wallmark 0 0 0 1 0 2 3 0 0 0 8/11 17:11 0:59 0:46
Mark Kastelic 0 0 0 0 0 0 2 0 0 0 1/1 7:34 0:00 0:00
Mark McNeill 2 0 2 1 0 4 0 0 0 0 0/0 16:25 0:59 0:00
Mathieu Joseph 0 1 1 0 2 3 2 1 1 0 1/3 20:04 1:30 0:00
Milos Kelemen 0 1 1 0 0 1 0 1 0 0 0/0 7:34 0:00 0:00
Nolan Vesey 0 1 1 0 0 3 1 0 2 0 0/1 20:24 1:17 0:32
Olli Juolevi 1 2 3 0 0 3 3 2 1 0 0/0 25:31 2:06 0:39
Pavol Regenda 0 0 0 1 0 0 0 0 0 0 0/0 15:25 0:00 0:00
Reilly Walsh 0 0 0 -1 0 0 2 2 0 2 0/0 17:49 0:23 0:29
Riley Barber 1 0 1 0 0 2 0 1 2 0 0/0 8:24 0:13 0:00
Ryan Olsen 0 0 0 -1 0 1 0 1 0 0 3/7 13:32 0:00 0:00
Sean Durzi 0 0 0 -1 0 1 0 0 0 0 0/0 17:20 0:23 0:00
Tobias Bjornfot 0 1 1 0 0 0 1 2 0 1 0/0 24:52 2:06 0:00
3 Stars
1 - Olli Juolevi (Mil)
2 - Theodor Blueger (S.J)
3 - William Carrier (S.J)
Power Play
Barracuda - 0 on 1 Attempt(s) - 0.00%
Admirals - 2 on 3 Attempt(s) - 66.67%
Penalty Kill
Barracuda - 1 on 3 Attempt(s) - 33.33%
- Score 0 goal in Penalty Kill
Admirals - 1 on 1 Attempt(s) - 100.00%
- Score 0 goal in Penalty Kill
Team Stat
Barracuda - Hits : 24 - Faceoff Wins : 30 - Blocked Shots : 9 - Penalty Minutes : 6
Admirals - Hits : 21 - Faceoff Wins : 29 - Blocked Shots : 15 - Penalty Minutes : 2
Official
Referees : Steve Kozari and Frederick L'Ecuyer
Linesman : Kiel Murchison and Steve Miller
Game Notes
Alex Lintuniemi is injured at 17:55 of 1st period (Strained Left Elbow)
Filip Larsson enters game at 19:26 of 1st period
Finance
Level 1 -- Attendance: 1990 (99.50%) -- Ticket Income $139,300
Level 2 -- Attendance: 860 (86.00%) -- Ticket Income $34,400
Total Attendance: 2850 (95.00%)
Total Ticket Income: $173,700
Other Income: $8,685
Total Income: $182,385
Barracuda
5 vs 5 Forward
Center Left Wing Right Wing Time % Phy DF OF
1 Emil Pettersson Kurtis Macdermid Thomas Gobeil 40 1 2 2
2 Theodor Blueger William Carrier Jaedon Descheneau 30 1 2 2
3 Kyle Platzer Cole Ully Nikolai Kovalenko 20 1 2 2
4 Jacob Peterson Alex Henriksson Alexei Toropchenko 10 1 2 2
5 vs 5 Defense
Defense Defense Time % Phy DF OF
1 Brett Kulak Mac Hollowell 40 1 2 2
2 Jordan Gross Luke Martin 30 1 2 2
3 Alex Lintuniemi Dennis Cholowski 20 1 2 2
4 Brett Kulak Mac Hollowell 10 1 2 2
PowerPlay Forward
Center Left Wing Right Wing Time % Phy DF OF
1 Emil Pettersson Kurtis Macdermid Thomas Gobeil 60 0 2 3
2 Theodor Blueger William Carrier Jaedon Descheneau 40 0 2 3
PowerPlay Defense
Defense Defense Time % Phy DF OF
1 Brett Kulak Mac Hollowell 60 0 2 3
2 Jordan Gross Luke Martin 40 0 2 3
Penalty Kill 4 Players Forward
Center Wing Time % Phy DF OF
1 Emil Pettersson Kurtis Macdermid 60 1 4 0
2 Theodor Blueger William Carrier 40 1 4 0
Penalty Kill 4 Players Defense
Defense Defense Time % Phy DF OF
1 Brett Kulak Mac Hollowell 60 1 4 0
2 Jordan Gross Luke Martin 40 1 4 0
Penalty Kill - 3 Players Forward
Forward Time % Phy DF OF
1 Emil Pettersson 60 1 4 0
2 Theodor Blueger 40 1 4 0
Penalty Kill - 3 Players Defense
Defense Defense Time % Phy DF OF
1 Brett Kulak Mac Hollowell 60 1 4 0
2 Jordan Gross Luke Martin 40 1 4 0
4 vs 4 Forward
Center Wing Time % Phy DF OF
1 Emil Pettersson Kurtis Macdermid 60 1 2 2
2 Theodor Blueger William Carrier 40 1 2 2
4 vs 4 Defense
Defense Defense Time % Phy DF OF
1 Brett Kulak Mac Hollowell 60 1 2 2
2 Jordan Gross Luke Martin 40 1 2 2
Last Minutes Offensive
Center Left Wing Right Wing Defense Defense
Emil Pettersson Kurtis Macdermid Thomas Gobeil Brett Kulak Mac Hollowell
Last Minutes Defensive
Center Left Wing Right Wing Defense Defense
Emil Pettersson Kurtis Macdermid Thomas Gobeil Brett Kulak Mac Hollowell
Goaltenders
Starting : Kevin Mandolese
Backup : Filip Larsson
Extra Forwards
Normal : Theodor Blueger, Alex Henriksson, Kyle Platzer - PP : Theodor Blueger, Alex Henriksson - PK : Theodor Blueger
Extra Defensemen
Normal : Luke Martin, Alex Lintuniemi, Dennis Cholowski - PP : Luke Martin - PK : Luke Martin, Alex Lintuniemi
Penalty Shots
Kurtis Macdermid, William Carrier, Emil Pettersson, Cole Ully, Theodor Blueger
Custom OT Lines Forwards
Kurtis Macdermid, William Carrier, Emil Pettersson, Cole Ully, Theodor Blueger, Alex Henriksson, Kyle Platzer, Thomas Gobeil, Jacob Peterson, Jaedon Descheneau
Custom OT Lines Defensemen
Brett Kulak, Mac Hollowell, Jordan Gross, Luke Martin, Alex Lintuniemi
Scratches
Ryan Merkley (Healthy), Robin Norell (Bruised Right Leg Injury), Bode Wilde (Healthy), Noah Gregor (Healthy), Beck Malenstyn (Healthy)
Adam Edstrom (Healthy), Adam Beckman (Healthy), Angus Crookshank (Healthy), Joni Ortio (Healthy)
Admirals
5 vs 5 Forward
Center Left Wing Right Wing Time % Phy DF OF
1 Josh Norris Nolan Vesey Mathieu Joseph 40 1 2 2
2 Lucas Wallmark Pavol Regenda Mark McNeill 30 1 2 2
3 Ryan Olsen Hunter Shinkaruk Kasper Bjorkqvist 20 1 2 2
4 Mark Kastelic Milos Kelemen Riley Barber 10 1 2 2
5 vs 5 Defense
Defense Defense Time % Phy DF OF
1 Olli Juolevi Tobias Bjornfot 40 1 2 2
2 Reilly Walsh Sean Durzi 30 1 2 2
3 Carl Dahlstrom Josh Wesley 20 1 2 2
4 Christian Djoos Henry Thrun 10 1 2 2
PowerPlay Forward
Center Left Wing Right Wing Time % Phy DF OF
1 Josh Norris Nolan Vesey Mathieu Joseph 60 1 1 3
2 Lucas Wallmark Hunter Shinkaruk Mark McNeill 40 1 1 3
PowerPlay Defense
Defense Defense Time % Phy DF OF
1 Olli Juolevi Tobias Bjornfot 60 1 2 2
2 Reilly Walsh Sean Durzi 40 1 2 2
Penalty Kill 4 Players Forward
Center Wing Time % Phy DF OF
1 Lucas Wallmark Mathieu Joseph 60 1 2 2
2 Mark McNeill Riley Barber 40 1 2 2
Penalty Kill 4 Players Defense
Defense Defense Time % Phy DF OF
1 Reilly Walsh Christian Djoos 60 1 2 2
2 Olli Juolevi Carl Dahlstrom 40 1 2 2
Penalty Kill - 3 Players Forward
Forward Time % Phy DF OF
1 Mathieu Joseph 60 1 3 1
2 Mark McNeill 40 1 3 1
Penalty Kill - 3 Players Defense
Defense Defense Time % Phy DF OF
1 Reilly Walsh Christian Djoos 60 1 3 1
2 Olli Juolevi Carl Dahlstrom 40 1 3 1
4 vs 4 Forward
Center Wing Time % Phy DF OF
1 Josh Norris Mathieu Joseph 60 1 2 2
2 Lucas Wallmark Hunter Shinkaruk 40 1 2 2
4 vs 4 Defense
Defense Defense Time % Phy DF OF
1 Reilly Walsh Sean Durzi 60 1 2 2
2 Olli Juolevi Tobias Bjornfot 40 1 2 2
Last Minutes Offensive
Center Left Wing Right Wing Defense Defense
Josh Norris Hunter Shinkaruk Mathieu Joseph Olli Juolevi Tobias Bjornfot
Last Minutes Defensive
Center Left Wing Right Wing Defense Defense
Lucas Wallmark Hunter Shinkaruk Mathieu Joseph Reilly Walsh Olli Juolevi
Goaltenders
Starting : Felix Sanstrom
Backup : Tristan Jarry
Extra Forwards
Normal : Hunter Shinkaruk, Kasper Bjorkqvist, Riley Barber - PP : Hunter Shinkaruk, Kasper Bjorkqvist - PK : Nolan Vesey
Extra Defensemen
Normal : Olli Juolevi, Carl Dahlstrom, Josh Wesley - PP : Josh Wesley - PK : Christian Djoos, Josh Wesley
Penalty Shots
Hunter Shinkaruk, Josh Norris, Mathieu Joseph, Mark McNeill, Pavol Regenda
Custom OT Lines Forwards
Mathieu Joseph, Josh Norris, Mark McNeill, Hunter Shinkaruk, Lucas Wallmark, Kasper Bjorkqvist, Pavol Regenda, Riley Barber, Nolan Vesey, Milos Kelemen
Custom OT Lines Defensemen
Olli Juolevi, Reilly Walsh, Tobias Bjornfot, Sean Durzi, Christian Djoos
Scratches
Bokondji Imama (Healthy), Joni Ikonen (Healthy), Ruslan Iskhakov (Healthy), Filip Chlapik (Healthy), Ian Mitchell (Right Foot Injury)
Grant Hutton (Healthy), Sergei Zborovskiy (Healthy), Troy Bourke (Healthy), Carsen Twarynski (Healthy), Drew O'Connor (Healthy)
Libor Hajek (Healthy), Gerald Mayhew (Healthy), Patrick Moynihan (Healthy), Jack Malone (Healthy), Sean Maguire (Healthy)
% Time on Ice - Barracuda
Lines # - Real PCT - Wanted PCT - Time Play
Normal Forward
1 - 37% - 40% - 20:27
2 - 28% - 30% - 15:25
3 - 20% - 20% - 11:13
4 - 15% - 10% - 8:27
Normal Defense
1 - 35% - 40% - 19:38
2 - 34% - 30% - 18:39
3 - 27% - 20% - 14:57
4 - 4% - 10% - 2:18
PP Forward
1 - 53% - 60% - 0:36
2 - 47% - 40% - 0:32
PP Defense
1 - 63% - 60% - 0:43
2 - 37% - 40% - 0:25
PK Forward
1 - 81% - 60% - 2:00
2 - 19% - 40% - 0:29
PK Defense
1 - 54% - 60% - 1:20
2 - 46% - 40% - 1:09
PK3 Forward
1 - 0% - 60%
2 - 0% - 40%
PK3 Defense
1 - 0% - 60%
2 - 0% - 40%
44 Forward
1 - 82% - 60% - 0:42
2 - 18% - 40% - 0:09
44 Defense
1 - 57% - 60% - 0:29
2 - 43% - 40% - 0:22
Last Minute Offensive - 0:00
Last Minute Defensive - 0:00
Total
Forward - 60:00
Defense - 60:00
|
% Time on Ice - Admirals
Lines # - Real PCT - Wanted PCT - Time Play
Normal Forward
1 - 34% - 40% - 19:01
2 - 28% - 30% - 15:25
3 - 24% - 20% - 13:32
4 - 14% - 10% - 7:34
Normal Defense
1 - 41% - 40% - 22:34
2 - 29% - 30% - 16:18
3 - 20% - 20% - 11:03
4 - 10% - 10% - 5:37
PP Forward
1 - 60% - 60% - 1:30
2 - 40% - 40% - 0:59
PP Defense
1 - 72% - 60% - 1:48
2 - 28% - 40% - 0:41
PK Forward
1 - 100% - 60% - 1:08
2 - 0% - 40% - 0:00
PK Defense
1 - 43% - 60% - 0:29
2 - 57% - 40% - 0:39
PK3 Forward
1 - 0% - 60%
2 - 0% - 40%
PK3 Defense
1 - 0% - 60%
2 - 0% - 40%
44 Forward
1 - 100% - 60% - 0:51
2 - 0% - 40% - 0:00
44 Defense
1 - 76% - 60% - 0:39
2 - 24% - 40% - 0:12
Last Minute Offensive - 0:00
Last Minute Defensive - 0:00
Total
Forward - 60:00
Defense - 60:00
|
Play-by-Play
1st period
0:01 of 1st period - Emil Pettersson wins face-off versus Josh Norris in neutral zone.
1:36 of 1st period - Backhand shot by Mathieu Joseph.
1:36 of 1st period - Shot Misses the Net.
1:38 of 1st period - Slapshot by Josh Norris.
1:38 of 1st period - Shot Misses the Net.
1:42 of 1st period - Snap shot by Josh Norris.
1:42 of 1st period - Stopped by Kevin Mandolese with a rebound.
2:24 of 1st period - Wrist shot by Hunter Shinkaruk.
2:24 of 1st period - Shot Misses the Net.
2:26 of 1st period - Slapshot by Josh Wesley.
2:26 of 1st period - Shot Misses the Net.
2:28 of 1st period - Slapshot by Carl Dahlstrom.
2:28 of 1st period - Shot Blocked by Cole Ully.
3:26 of 1st period - Slapshot by Theodor Blueger.
3:26 of 1st period - Shot Misses the Net.
3:28 of 1st period - Snap shot by Theodor Blueger.
3:28 of 1st period - Shot Blocked by Reilly Walsh.
3:52 of 1st period - Wrist shot by Hunter Shinkaruk.
3:52 of 1st period - Stopped by Kevin Mandolese with a rebound.
4:02 of 1st period - Mathieu Joseph is hit by Luke Martin and loses puck.
4:27 of 1st period - Luke Martin is hit by Mark Kastelic.
4:31 of 1st period - Riley Barber is hit by Kurtis Macdermid and loses puck.
5:03 of 1st period - Icing by Brett Kulak.
5:04 of 1st period - Theodor Blueger wins face-off versus Josh Norris in Barracuda zone.
5:11 of 1st period - Wrist shot by William Carrier.
5:11 of 1st period - Stopped by Felix Sanstrom with a rebound.
5:13 of 1st period - Slapshot by Brett Kulak.
5:13 of 1st period - Shot Misses the Net.
5:15 of 1st period - Slapshot by Brett Kulak.
5:15 of 1st period - Stopped by Felix Sanstrom without a rebound.
5:16 of 1st period - Thomas Gobeil wins face-off versus Josh Norris in Admirals zone.
5:32 of 1st period - Wrist shot by Josh Norris.
5:32 of 1st period - Shot Misses the Net.
5:42 of 1st period - Jordan Gross is hit by Hunter Shinkaruk and loses puck.
6:03 of 1st period - Sean Durzi is hit by William Carrier.
6:26 of 1st period - Snap shot by Milos Kelemen.
6:26 of 1st period - Shot Misses the Net.
6:28 of 1st period - Wrist shot by Sean Durzi.
6:28 of 1st period - Stopped by Kevin Mandolese without a rebound.
6:29 of 1st period - Mark Kastelic wins face-off versus Emil Pettersson in Barracuda zone.
7:06 of 1st period - Wrist shot by Milos Kelemen.
7:06 of 1st period - Shot Blocked by Mac Hollowell.
7:08 of 1st period - Snap shot by Riley Barber.
7:08 of 1st period - Goal by Riley Barber - Barracuda : 0 - Admirals : 1.
7:09 of 1st period - Theodor Blueger wins face-off versus Josh Norris in neutral zone.
7:14 of 1st period - Slapshot by Brett Kulak.
7:14 of 1st period - Shot Hit the Post.
7:18 of 1st period - Slapshot by Theodor Blueger.
7:18 of 1st period - Stopped by Felix Sanstrom with a rebound.
7:20 of 1st period - Slapshot by Theodor Blueger.
7:20 of 1st period - Stopped by Felix Sanstrom with a rebound.
7:22 of 1st period - Slapshot by Brett Kulak.
7:22 of 1st period - Shot Blocked by Mathieu Joseph.
7:24 of 1st period - Snap shot by William Carrier.
7:24 of 1st period - Shot Misses the Net.
7:47 of 1st period - Snap shot by Mark McNeill.
7:47 of 1st period - Shot Misses the Net.
8:08 of 1st period - Snap shot by Emil Pettersson.
8:08 of 1st period - Stopped by Felix Sanstrom with a rebound.
8:10 of 1st period - Snap shot by Thomas Gobeil.
8:10 of 1st period - Shot Blocked by Ryan Olsen.
8:30 of 1st period - Snap shot by Riley Barber.
8:30 of 1st period - Stopped by Kevin Mandolese without a rebound.
8:31 of 1st period - Josh Norris wins face-off versus Emil Pettersson in Barracuda zone.
8:48 of 1st period - Henry Thrun is hit by Emil Pettersson.
8:58 of 1st period - Slapshot by Mark McNeill.
8:58 of 1st period - Goal by Mark McNeill - Barracuda : 0 - Admirals : 2.
8:59 of 1st period - Emil Pettersson wins face-off versus Josh Norris in neutral zone.
9:01 of 1st period - Minor Penalty to Thomas Gobeil for Interference.
9:02 of 1st period - Emil Pettersson wins face-off versus Josh Norris in Barracuda zone.
9:02 of 1st period - Emil Pettersson is hit by Nolan Vesey.
9:36 of 1st period - Icing by Hunter Shinkaruk.
9:37 of 1st period - Lucas Wallmark wins face-off versus Theodor Blueger in Admirals zone.
10:01 of 1st period - Wrist shot by Mark McNeill.
10:01 of 1st period - Goal by Mark McNeill - Barracuda : 0 - Admirals : 3.
10:02 of 1st period - Emil Pettersson wins face-off versus Josh Norris in neutral zone.
10:27 of 1st period - Mac Hollowell is hit by Hunter Shinkaruk and loses puck.
10:40 of 1st period - Wrist shot by Kasper Bjorkqvist.
10:40 of 1st period - Stopped by Kevin Mandolese with a rebound.
11:00 of 1st period - Snap shot by Mark McNeill.
11:00 of 1st period - Shot Blocked by Theodor Blueger.
11:19 of 1st period - Snap shot by Brett Kulak.
11:19 of 1st period - Deflect By Cole Ully.
11:19 of 1st period - Stopped by Felix Sanstrom without a rebound.
11:20 of 1st period - Kyle Platzer wins face-off versus Ryan Olsen in Admirals zone.
12:11 of 1st period - Slapshot by Jordan Gross.
12:11 of 1st period - Shot Blocked by Josh Wesley.
12:13 of 1st period - Slapshot by Alex Henriksson.
12:13 of 1st period - Stopped by Felix Sanstrom without a rebound.
12:14 of 1st period - Emil Pettersson wins face-off versus Josh Norris in Admirals zone.
12:41 of 1st period - Dennis Cholowski is hit by Lucas Wallmark.
13:14 of 1st period - Snap shot by Theodor Blueger.
13:14 of 1st period - Deflect By Jaedon Descheneau.
13:14 of 1st period - Goal by Jaedon Descheneau - Barracuda : 1 - Admirals : 3.
13:15 of 1st period - Josh Norris wins face-off versus Emil Pettersson in neutral zone.
13:18 of 1st period - Snap shot by Nolan Vesey.
13:18 of 1st period - Stopped by Kevin Mandolese with a rebound.
13:30 of 1st period - Snap shot by Mathieu Joseph.
13:30 of 1st period - Shot Misses the Net.
13:40 of 1st period - Mark McNeill is hit by Brett Kulak.
13:59 of 1st period - Off-side.
14:00 of 1st period - Jacob Peterson wins face-off versus Ryan Olsen in neutral zone.
15:18 of 1st period - Jordan Gross is hit by Reilly Walsh and loses puck.
16:09 of 1st period - Slapshot by Kasper Bjorkqvist.
16:09 of 1st period - Shot Misses the Net.
16:44 of 1st period - Snap shot by Alex Henriksson.
16:44 of 1st period - Shot Misses the Net.
17:01 of 1st period - Off-side.
17:02 of 1st period - Emil Pettersson wins face-off versus Mathieu Joseph in neutral zone.
17:54 of 1st period - Alex Lintuniemi is hit by Olli Juolevi and loses puck.
17:55 of 1st period - Alex Lintuniemi from Barracuda is injured at 17:55 of 1st period (Strained Left Elbow).
17:56 of 1st period - Mathieu Joseph wins face-off versus Emil Pettersson in Barracuda zone.
18:42 of 1st period - Snap shot by Cole Ully.
18:42 of 1st period - Shot Misses the Net.
18:44 of 1st period - Slapshot by Brett Kulak.
18:44 of 1st period - Stopped by Felix Sanstrom with a rebound.
18:46 of 1st period - Slapshot by Mac Hollowell.
18:46 of 1st period - Deflect By Cole Ully.
18:46 of 1st period - Shot Misses the Net.
18:46 of 1st period - Puck is out of play.
18:47 of 1st period - Emil Pettersson wins face-off versus Josh Norris in Admirals zone.
19:05 of 1st period - Minor Penalty to Brett Kulak for Hooking.
19:06 of 1st period - Josh Norris wins face-off versus Emil Pettersson in Barracuda zone.
19:12 of 1st period - Wrist shot by Mathieu Joseph.
19:12 of 1st period - Shot Misses the Net.
19:20 of 1st period - Snap shot by Josh Norris.
19:20 of 1st period - Stopped by Kevin Mandolese without a rebound.
19:21 of 1st period - Josh Norris wins face-off versus Emil Pettersson in Barracuda zone.
19:24 of 1st period - Snap shot by Mathieu Joseph.
19:24 of 1st period - Shot Misses the Net.
19:26 of 1st period - Slapshot by Josh Norris.
19:26 of 1st period - Deflect By Emil Pettersson.
19:26 of 1st period - Goal by Josh Norris - Barracuda : 1 - Admirals : 4.
19:26 of 1st period - Filip Larsson enters game.
19:27 of 1st period - Josh Norris wins face-off versus Thomas Gobeil in neutral zone.
19:39 of 1st period - Slapshot by Kurtis Macdermid.
19:39 of 1st period - Shot Blocked by Carl Dahlstrom.
19:41 of 1st period - Slapshot by Emil Pettersson.
19:41 of 1st period - Shot Misses the Net.
19:43 of 1st period - Snap shot by Kurtis Macdermid.
19:43 of 1st period - Shot Hit the Post.
19:53 of 1st period - Jaedon Descheneau is hit by Josh Wesley and loses puck.
Goals for this period are 1 for Barracuda vs 4 for Admirals.
Shots for this period are 9 for Barracuda vs 11 for Admirals.
2nd period
0:01 of 2nd period - Emil Pettersson wins face-off versus Josh Norris in neutral zone.
0:28 of 2nd period - Slapshot by Mac Hollowell.
0:28 of 2nd period - Stopped by Felix Sanstrom with a rebound.
0:30 of 2nd period - Wrist shot by Brett Kulak.
0:30 of 2nd period - Shot Blocked by Olli Juolevi.
0:34 of 2nd period - Snap shot by William Carrier.
0:34 of 2nd period - Stopped by Felix Sanstrom with a rebound.
1:12 of 2nd period - Slapshot by Olli Juolevi.
1:12 of 2nd period - Deflect By Alex Henriksson.
1:12 of 2nd period - Stopped by Filip Larsson with a rebound.
1:52 of 2nd period - Slapshot by Hunter Shinkaruk.
1:52 of 2nd period - Stopped by Filip Larsson with a rebound.
2:55 of 2nd period - Mark McNeill is hit by Brett Kulak and loses puck.
3:41 of 2nd period - Mac Hollowell is hit by Josh Norris and loses puck.
4:00 of 2nd period - Mark Kastelic is hit by Cole Ully and loses puck.
4:09 of 2nd period - Snap shot by Milos Kelemen.
4:09 of 2nd period - Stopped by Filip Larsson with a rebound.
4:45 of 2nd period - Snap shot by Mathieu Joseph.
4:45 of 2nd period - Stopped by Filip Larsson with a rebound.
4:49 of 2nd period - Snap shot by Hunter Shinkaruk.
4:49 of 2nd period - Shot Blocked by Jordan Gross.
4:51 of 2nd period - Snap shot by Olli Juolevi.
4:51 of 2nd period - Shot Blocked by Theodor Blueger.
5:01 of 2nd period - Tobias Bjornfot is hit by Cole Ully and loses puck.
5:08 of 2nd period - Cole Ully is hit by Olli Juolevi and loses puck.
5:33 of 2nd period - Mark McNeill is hit by Jordan Gross and loses puck.
5:41 of 2nd period - Icing by Mark McNeill.
5:42 of 2nd period - Lucas Wallmark wins face-off versus William Carrier in Admirals zone.
5:53 of 2nd period - Sean Durzi is hit by Theodor Blueger and loses puck.
6:03 of 2nd period - Icing by Tobias Bjornfot.
6:04 of 2nd period - Ryan Olsen wins face-off versus Kyle Platzer in Admirals zone.
6:51 of 2nd period - Josh Wesley is hit by Theodor Blueger and loses puck.
6:56 of 2nd period - Wrist shot by William Carrier.
6:56 of 2nd period - Shot Misses the Net.
6:58 of 2nd period - Slapshot by Jaedon Descheneau.
6:58 of 2nd period - Stopped by Felix Sanstrom with a rebound.
7:38 of 2nd period - Wrist shot by Ryan Olsen.
7:38 of 2nd period - Stopped by Filip Larsson with a rebound.
8:04 of 2nd period - Slapshot by Nolan Vesey.
8:04 of 2nd period - Shot Misses the Net.
8:23 of 2nd period - Mark McNeill is hit by Theodor Blueger and loses puck.
8:28 of 2nd period - Snap shot by William Carrier.
8:28 of 2nd period - Stopped by Felix Sanstrom without a rebound.
8:29 of 2nd period - Emil Pettersson wins face-off versus Josh Norris in Admirals zone.
8:38 of 2nd period - Snap shot by Emil Pettersson.
8:38 of 2nd period - Stopped by Felix Sanstrom with a rebound.
9:04 of 2nd period - Slapshot by Lucas Wallmark.
9:04 of 2nd period - Stopped by Filip Larsson without a rebound.
9:05 of 2nd period - Emil Pettersson wins face-off versus Josh Norris in Barracuda zone.
9:05 of 2nd period - Emil Pettersson is hit by Josh Norris.
9:11 of 2nd period - Backhand shot by Kurtis Macdermid.
9:11 of 2nd period - Stopped by Felix Sanstrom with a rebound.
9:19 of 2nd period - Slapshot by Nolan Vesey.
9:19 of 2nd period - Stopped by Filip Larsson without a rebound.
9:20 of 2nd period - Jaedon Descheneau wins face-off versus Lucas Wallmark in Barracuda zone.
9:59 of 2nd period - Snap shot by Kurtis Macdermid.
9:59 of 2nd period - Shot Misses the Net.
10:57 of 2nd period - Wrist shot by Riley Barber.
10:57 of 2nd period - Deflect By Emil Pettersson.
10:57 of 2nd period - Shot Misses the Net.
10:57 of 2nd period - Puck is out of play.
10:58 of 2nd period - Lucas Wallmark wins face-off versus Emil Pettersson in Barracuda zone.
11:05 of 2nd period - Wrist shot by Lucas Wallmark.
11:05 of 2nd period - Shot Misses the Net.
11:13 of 2nd period - Snap shot by Kurtis Macdermid.
11:13 of 2nd period - Stopped by Felix Sanstrom with a rebound.
11:15 of 2nd period - Slapshot by Mac Hollowell.
11:15 of 2nd period - Deflect By Lucas Wallmark.
11:15 of 2nd period - Stopped by Felix Sanstrom without a rebound.
11:16 of 2nd period - Josh Norris wins face-off versus Theodor Blueger in Admirals zone.
11:23 of 2nd period - Theodor Blueger is hit by Mathieu Joseph and loses puck.
12:13 of 2nd period - Nikolai Kovalenko is hit by Tobias Bjornfot.
12:25 of 2nd period - Kasper Bjorkqvist is hit by Jacob Peterson and loses puck.
12:30 of 2nd period - Wrist shot by Alex Henriksson.
12:30 of 2nd period - Shot Misses the Net.
12:36 of 2nd period - Snap shot by Alex Henriksson.
12:36 of 2nd period - Deflect By Kasper Bjorkqvist.
12:36 of 2nd period - Stopped by Felix Sanstrom without a rebound.
12:37 of 2nd period - Emil Pettersson wins face-off versus Nolan Vesey in Admirals zone.
12:45 of 2nd period - Minor Penalty to Mathieu Joseph for Interference.
12:46 of 2nd period - Lucas Wallmark wins face-off versus Emil Pettersson in Admirals zone.
13:00 of 2nd period - Nolan Vesey is hit by Brett Kulak.
13:53 of 2nd period - Minor Penalty to Jaedon Descheneau for Goalie Interference.
13:54 of 2nd period - Emil Pettersson wins face-off versus Josh Norris in Barracuda zone.
14:21 of 2nd period - Kurtis Macdermid is hit by Reilly Walsh and loses puck.
14:41 of 2nd period - Slapshot by William Carrier.
14:41 of 2nd period - Shot Blocked by Riley Barber.
14:43 of 2nd period - Slapshot by Luke Martin.
14:43 of 2nd period - Stopped by Felix Sanstrom with a rebound.
14:45 of 2nd period - Penalty to Mathieu Joseph is over, Mathieu Joseph is back on ice.
14:45 of 2nd period - Snap shot by William Carrier.
14:45 of 2nd period - Shot Blocked by Tobias Bjornfot.
14:47 of 2nd period - Snap shot by William Carrier.
14:47 of 2nd period - Shot Misses the Net.
15:53 of 2nd period - Penalty to Jaedon Descheneau is over, Jaedon Descheneau is back on ice.
17:50 of 2nd period - Wrist shot by Mathieu Joseph.
17:50 of 2nd period - Stopped by Filip Larsson with a rebound.
18:00 of 2nd period - Emil Pettersson is hit by Lucas Wallmark and loses puck.
18:21 of 2nd period - Snap shot by Hunter Shinkaruk.
18:21 of 2nd period - Shot Misses the Net.
18:31 of 2nd period - Wrist shot by Theodor Blueger.
18:31 of 2nd period - Shot Misses the Net.
18:33 of 2nd period - Slapshot by Brett Kulak.
18:33 of 2nd period - Deflect By Theodor Blueger.
18:33 of 2nd period - Stopped by Felix Sanstrom without a rebound.
18:34 of 2nd period - Josh Norris wins face-off versus Theodor Blueger in Admirals zone.
19:05 of 2nd period - Wrist shot by Lucas Wallmark.
19:05 of 2nd period - Shot Misses the Net.
19:07 of 2nd period - Snap shot by Mark McNeill.
19:07 of 2nd period - Stopped by Filip Larsson with a rebound.
19:45 of 2nd period - Snap shot by Hunter Shinkaruk.
19:45 of 2nd period - Deflect By Ryan Olsen.
19:45 of 2nd period - Shot Misses the Net.
19:45 of 2nd period - Puck is out of play.
19:46 of 2nd period - Emil Pettersson wins face-off versus Mathieu Joseph in Barracuda zone.
19:46 of 2nd period - Emil Pettersson is hit by Mathieu Joseph.
19:52 of 2nd period - Wrist shot by Nolan Vesey.
19:52 of 2nd period - Deflect By Emil Pettersson.
19:52 of 2nd period - Stopped by Filip Larsson without a rebound.
19:53 of 2nd period - Josh Norris wins face-off versus Emil Pettersson in Barracuda zone.
Goals for this period are 0 for Barracuda vs 0 for Admirals.
Shots for this period are 11 for Barracuda vs 10 for Admirals.
3rd period
0:01 of 3rd period - Emil Pettersson wins face-off versus Josh Norris in neutral zone.
0:04 of 3rd period - Wrist shot by Emil Pettersson.
0:04 of 3rd period - Deflect By Kurtis Macdermid.
0:04 of 3rd period - Shot Blocked by Josh Norris.
0:04 of 3rd period - Puck is out of play.
0:05 of 3rd period - Emil Pettersson wins face-off versus Josh Norris in Admirals zone.
0:08 of 3rd period - Backhand shot by Kurtis Macdermid.
0:08 of 3rd period - Shot Misses the Net.
0:10 of 3rd period - Wrist shot by Thomas Gobeil.
0:10 of 3rd period - Stopped by Felix Sanstrom without a rebound.
0:11 of 3rd period - Josh Norris wins face-off versus Emil Pettersson in Admirals zone.
0:43 of 3rd period - Slapshot by Luke Martin.
0:43 of 3rd period - Shot Blocked by Olli Juolevi.
0:45 of 3rd period - Wrist shot by Theodor Blueger.
0:45 of 3rd period - Shot Misses the Net.
0:52 of 3rd period - Icing by Pavol Regenda.
0:53 of 3rd period - Ryan Olsen wins face-off versus Nikolai Kovalenko in Admirals zone.
1:02 of 3rd period - Cole Ully is hit by Olli Juolevi and loses puck.
1:25 of 3rd period - Wrist shot by Kurtis Macdermid.
1:25 of 3rd period - Stopped by Felix Sanstrom without a rebound.
1:26 of 3rd period - Emil Pettersson wins face-off versus Josh Norris in Admirals zone.
1:29 of 3rd period - Slapshot by Emil Pettersson.
1:29 of 3rd period - Shot Misses the Net.
1:31 of 3rd period - Wrist shot by Jordan Gross.
1:31 of 3rd period - Shot Misses the Net.
1:45 of 3rd period - Icing by Thomas Gobeil.
1:46 of 3rd period - Lucas Wallmark wins face-off versus Emil Pettersson in Barracuda zone.
1:51 of 3rd period - Wrist shot by Mark McNeill.
1:51 of 3rd period - Stopped by Filip Larsson with a rebound.
2:15 of 3rd period - Backhand shot by Emil Pettersson.
2:15 of 3rd period - Deflect By Kurtis Macdermid.
2:15 of 3rd period - Stopped by Felix Sanstrom with a rebound.
2:17 of 3rd period - Wrist shot by Kurtis Macdermid.
2:17 of 3rd period - Stopped by Felix Sanstrom without a rebound.
2:18 of 3rd period - William Carrier wins face-off versus Lucas Wallmark in Admirals zone.
2:19 of 3rd period - Wrist shot by Theodor Blueger.
2:19 of 3rd period - Stopped by Felix Sanstrom with a rebound.
2:29 of 3rd period - Wrist shot by Lucas Wallmark.
2:29 of 3rd period - Stopped by Filip Larsson without a rebound.
2:30 of 3rd period - Josh Norris wins face-off versus Theodor Blueger in Barracuda zone.
2:55 of 3rd period - Olli Juolevi is hit by Mac Hollowell and loses puck.
3:08 of 3rd period - Snap shot by Cole Ully.
3:08 of 3rd period - Shot Blocked by Tobias Bjornfot.
3:28 of 3rd period - Off-side.
3:29 of 3rd period - Josh Norris wins face-off versus Theodor Blueger in neutral zone.
3:34 of 3rd period - Snap shot by Nolan Vesey.
3:34 of 3rd period - Shot Misses the Net.
3:51 of 3rd period - Icing by Brett Kulak.
3:52 of 3rd period - Emil Pettersson wins face-off versus Lucas Wallmark in Barracuda zone.
3:56 of 3rd period - Off-side.
3:57 of 3rd period - Lucas Wallmark wins face-off versus Emil Pettersson in neutral zone.
4:26 of 3rd period - Snap shot by Lucas Wallmark.
4:26 of 3rd period - Shot Blocked by Brett Kulak.
4:28 of 3rd period - Snap shot by Josh Wesley.
4:28 of 3rd period - Deflect By Lucas Wallmark.
4:28 of 3rd period - Shot Misses the Net.
4:28 of 3rd period - Puck is out of play.
4:29 of 3rd period - Josh Norris wins face-off versus Theodor Blueger in Barracuda zone.
5:19 of 3rd period - Pavol Regenda is hit by Thomas Gobeil and loses puck.
5:40 of 3rd period - Riley Barber is hit by Theodor Blueger and loses puck.
6:05 of 3rd period - Snap shot by Nolan Vesey.
6:05 of 3rd period - Shot Misses the Net.
6:07 of 3rd period - Slapshot by Tobias Bjornfot.
6:07 of 3rd period - Shot Misses the Net.
6:41 of 3rd period - Mac Hollowell is hit by Henry Thrun and loses puck.
6:46 of 3rd period - Wrist shot by Lucas Wallmark.
6:46 of 3rd period - Shot Misses the Net.
7:10 of 3rd period - Wrist shot by Theodor Blueger.
7:10 of 3rd period - Stopped by Felix Sanstrom with a rebound.
7:20 of 3rd period - Carl Dahlstrom is hit by Kurtis Macdermid and loses puck.
8:11 of 3rd period - Snap shot by Kyle Platzer.
8:11 of 3rd period - Stopped by Felix Sanstrom without a rebound.
8:12 of 3rd period - Josh Norris wins face-off versus Emil Pettersson in Admirals zone.
8:37 of 3rd period - Pavol Regenda is hit by Luke Martin and loses puck.
8:42 of 3rd period - Snap shot by Theodor Blueger.
8:42 of 3rd period - Shot Misses the Net.
8:44 of 3rd period - Slapshot by Theodor Blueger.
8:44 of 3rd period - Shot Misses the Net.
8:46 of 3rd period - Slapshot by William Carrier.
8:46 of 3rd period - Shot Misses the Net.
9:00 of 3rd period - Wrist shot by Kasper Bjorkqvist.
9:00 of 3rd period - Deflect By Ryan Olsen.
9:00 of 3rd period - Shot Blocked by Mac Hollowell.
9:00 of 3rd period - Puck is out of play.
9:01 of 3rd period - Emil Pettersson wins face-off versus Ryan Olsen in Barracuda zone.
9:48 of 3rd period - Christian Djoos is hit by Cole Ully and loses puck.
10:23 of 3rd period - Snap shot by Alex Henriksson.
10:23 of 3rd period - Stopped by Felix Sanstrom with a rebound.
10:44 of 3rd period - Mark McNeill is hit by Emil Pettersson and loses puck.
11:17 of 3rd period - Off-side.
11:18 of 3rd period - Ryan Olsen wins face-off versus Kyle Platzer in neutral zone.
11:27 of 3rd period - Wrist shot by Kasper Bjorkqvist.
11:27 of 3rd period - Shot Blocked by Luke Martin.
11:29 of 3rd period - Snap shot by Kasper Bjorkqvist.
11:29 of 3rd period - Shot Misses the Net.
11:31 of 3rd period - Snap shot by Kasper Bjorkqvist.
11:31 of 3rd period - Stopped by Filip Larsson without a rebound.
11:32 of 3rd period - Josh Norris wins face-off versus Emil Pettersson in Barracuda zone.
11:57 of 3rd period - Tobias Bjornfot is hit by Theodor Blueger and loses puck.
12:09 of 3rd period - Icing by Olli Juolevi.
12:10 of 3rd period - Kyle Platzer wins face-off versus Ryan Olsen in Admirals zone.
13:27 of 3rd period - Slapshot by Jordan Gross.
13:27 of 3rd period - Stopped by Felix Sanstrom without a rebound.
13:28 of 3rd period - Lucas Wallmark wins face-off versus Emil Pettersson in Admirals zone.
13:54 of 3rd period - Brett Kulak is hit by Josh Norris and loses puck.
13:59 of 3rd period - Wrist shot by Mathieu Joseph.
13:59 of 3rd period - Shot Blocked by Theodor Blueger.
14:01 of 3rd period - Wrist shot by Josh Norris.
14:01 of 3rd period - Shot Misses the Net.
14:03 of 3rd period - Slapshot by Carl Dahlstrom.
14:03 of 3rd period - Stopped by Filip Larsson with a rebound.
14:05 of 3rd period - Snap shot by Mathieu Joseph.
14:05 of 3rd period - Stopped by Filip Larsson with a rebound.
14:21 of 3rd period - Wrist shot by Brett Kulak.
14:21 of 3rd period - Shot Misses the Net.
14:23 of 3rd period - Slapshot by Mac Hollowell.
14:23 of 3rd period - Shot Misses the Net.
15:01 of 3rd period - Snap shot by William Carrier.
15:01 of 3rd period - Goal by William Carrier - Barracuda : 2 - Admirals : 4.
15:02 of 3rd period - Kyle Platzer wins face-off versus Josh Norris in neutral zone.
15:05 of 3rd period - Slapshot by Luke Martin.
15:05 of 3rd period - Deflect By Sean Durzi.
15:05 of 3rd period - Stopped by Felix Sanstrom without a rebound.
15:06 of 3rd period - Josh Norris wins face-off versus Kyle Platzer in Admirals zone.
15:13 of 3rd period - Snap shot by Kyle Platzer.
15:13 of 3rd period - Shot Misses the Net.
15:15 of 3rd period - Slapshot by Jordan Gross.
15:15 of 3rd period - Shot Blocked by Reilly Walsh.
15:17 of 3rd period - Slapshot by Jordan Gross.
15:17 of 3rd period - Stopped by Felix Sanstrom without a rebound.
15:18 of 3rd period - Kyle Platzer wins face-off versus Josh Norris in Admirals zone.
15:43 of 3rd period - Mark McNeill is hit by Emil Pettersson and loses puck.
16:08 of 3rd period - Jaedon Descheneau is hit by Mark Kastelic and loses puck.
16:31 of 3rd period - Backhand shot by Olli Juolevi.
16:31 of 3rd period - Deflect By Alex Henriksson.
16:31 of 3rd period - Stopped by Filip Larsson with a rebound.
16:33 of 3rd period - Slapshot by Olli Juolevi.
16:33 of 3rd period - Deflect By Alex Henriksson.
16:33 of 3rd period - Goal by Olli Juolevi - Barracuda : 2 - Admirals : 5.
16:34 of 3rd period - Emil Pettersson wins face-off versus Josh Norris in neutral zone.
16:39 of 3rd period - Wrist shot by Kurtis Macdermid.
16:39 of 3rd period - Shot Misses the Net.
17:18 of 3rd period - Snap shot by Kurtis Macdermid.
17:18 of 3rd period - Stopped by Felix Sanstrom with a rebound.
17:20 of 3rd period - Slapshot by Jordan Gross.
17:20 of 3rd period - Shot Misses the Net.
17:22 of 3rd period - Slapshot by Jordan Gross.
17:22 of 3rd period - Stopped by Felix Sanstrom with a rebound.
17:24 of 3rd period - Wrist shot by Thomas Gobeil.
17:24 of 3rd period - Shot Blocked by Josh Wesley.
17:26 of 3rd period - Snap shot by Emil Pettersson.
17:26 of 3rd period - Shot Misses the Net.
17:28 of 3rd period - Slapshot by Jordan Gross.
17:28 of 3rd period - Stopped by Felix Sanstrom with a rebound.
17:30 of 3rd period - Wrist shot by Thomas Gobeil.
17:30 of 3rd period - Shot Blocked by Milos Kelemen.
17:32 of 3rd period - Wrist shot by Kurtis Macdermid.
17:32 of 3rd period - Shot Blocked by Josh Wesley.
17:34 of 3rd period - Snap shot by Emil Pettersson.
17:34 of 3rd period - Deflect By Kurtis Macdermid.
17:34 of 3rd period - Shot Misses the Net.
17:34 of 3rd period - Puck is out of play.
17:35 of 3rd period - Josh Norris wins face-off versus Theodor Blueger in Admirals zone.
17:40 of 3rd period - Wrist shot by Theodor Blueger.
17:40 of 3rd period - Shot Misses the Net.
17:42 of 3rd period - Wrist shot by William Carrier.
17:42 of 3rd period - Goal by William Carrier - Barracuda : 3 - Admirals : 5.
17:43 of 3rd period - Kyle Platzer wins face-off versus Josh Norris in neutral zone.
18:08 of 3rd period - Pavol Regenda is hit by William Carrier.
18:36 of 3rd period - Off-side.
18:37 of 3rd period - Lucas Wallmark wins face-off versus Emil Pettersson in neutral zone.
18:42 of 3rd period - Kurtis Macdermid is hit by Lucas Wallmark and loses puck.
Goals for this period are 2 for Barracuda vs 1 for Admirals.
Shots for this period are 16 for Barracuda vs 7 for Admirals.
Output by the SimonT Hockey Simulator (STHS) for Francois Prevost